 Dungeon Crawl Stone Soup version 0.31-a0-859-g9dce7d3444 (webtiles) character file.

Game seed: 14508474202135312546

74764 avis the Spry (level 15, 0/69 HPs)
             Began as a Felid Artificer on Oct 8, 2023.
             Was an Initiate of Gozag.
             Killed from afar by a shock serpent (10 damage)
             ... with an electric aura
             ... on level 1 of the Snake Pit on Oct 10, 2023.
             The game lasted 03:05:15 (28774 turns).

avis the Spry (Felid Artificer)                    Turns: 28774, Time: 03:05:16

Health: 0/69       AC:  7    Str:  8    XL:     15   Next: 7%
Magic:  1/19       EV: 33    Int: 14    God:    Gozag
Gold:   25         SH:  0    Dex: 21    Spells: 9/18 levels left
                                        Lives:  0   Deaths: 3

rFire   + .          .
                       - Unarmed
rCold   + + .        (shield unavailable)
rNeg    + . .        (body armour unavailable)
rPois   +            (helmet unavailable)
rElec   .            (cloak unavailable)
rCorr   .            (gloves unavailable)
SInv    +            (boots unavailable)
Will    ++...        j - amulet of Heg Woidgh {rF+ Regen+}
Stlth   ++++         f - +4 ring of protection
HPRegen 1.11/turn    h - ring "Osmaf" {Wiz rPois rC+ rN+ Str-2}
MPRegen 0.16/turn

%: wizardry (x1)
@: blade hands, gold aura, quick
A: very small, (claws 1), fangs 3, see invisible, speed 1, shaggy fur 3,
(stealthy paws), no weapons or thrown items, no armour, multi-lived
a: Begin Untransformation, Renounce Religion, Potion Petition, Call Merchant,
Bribe Branch


You were on level 1 of the Snake Pit.
You worshipped Gozag.
Gozag was noncommittal.
You had blades for front paws.
You visited 5 branches of the dungeon, and saw 21 of its levels.
You visited the Abyss 1 time.
You also visited: Sewer and Ice Cave.

You collected 5912 gold pieces.
You spent 1792 gold pieces at shops.
You paid 4095 gold pieces to Gozag.

Inventory:

Jewellery
 f - a +4 ring of protection (left blade hand)
 h - the ring "Osmaf" (right blade hand) {Wiz rPois rC+ rN+ Str-2}
   (You bought it in a shop on level 5 of the Lair of Beasts)

   [ring of wizardry]

   Wiz:       It improves your spell success rate.
   Str-2:     It affects your strength (-2).
   rC+:       It protects you from cold.
   rPois:     It protects you from poison rN+: It protects you from negative
   energy.
 j - the amulet of Heg Woidgh (around neck) {rF+ Regen+}
   (You bought it in a shop on level 1 of the Lair of Beasts)

   [amulet of regeneration]

   rF+:       It protects you from fire.
   Regen+:    It increases your rate of health regeneration.
 k - a +4 ring of protection
 q - a ring of willpower
 v - a ring of resist corrosion
 E - a +5 ring of evasion
 G - a ring of ice
 O - a ring of magical power
 P - a ring of wizardry
 S - a ring of protection from cold
Talismans
 l - a blade talisman (active)
Wands
 b - a wand of charming (22)
 y - a wand of flame (30)
 z - a wand of iceblast (7)
 F - a wand of polymorph (23)
Scrolls
 e - 4 scrolls of vulnerability {unknown}
 g - 3 scrolls of summoning {unknown}
 i - 9 scrolls of teleportation
 m - 7 scrolls of noise {unknown}
 t - 6 scrolls of fog {unknown}
 w - 5 scrolls of revelation {unknown}
 x - 3 scrolls of immolation {unknown}
 C - 4 scrolls of enchant weapon {unknown}
 D - 2 scrolls of amnesia {unknown}
 H - 3 scrolls of fear
 I - 2 scrolls of poison
 K - 2 scrolls of blinking
Potions
 a - 2 potions of ambrosia
 c - a potion of resistance
 d - 4 potions of cancellation
 n - a potion of attraction {unknown}
 o - 4 potions of magic
 p - 5 potions of enlightenment
 r - 2 potions of heal wounds
 s - 4 potions of might
 u - 4 potions of haste
 B - 6 potions of curing
 J - 4 potions of mutation
 L - a potion of degeneration {unknown}
 M - 5 potions of brilliance
 Q - a potion of invisibility {unknown}
Miscellaneous
 A - a lightning rod (4/4)
 N - a box of beasts


   Skills:
 - Level 10.0 Fighting
 + Level 17.4 Dodging
 - Level 6.0 Stealth
 - Level 12.1 Unarmed Combat
 - Level 2.0 Spellcasting
 - Level 10.0 Translocations
 - Level 5.0 Ice Magic
 - Level 4.0 Evocations
 * Level 14.8 Shapeshifting


You had 9 spell levels left.
You knew the following spells:

 Your Spells              Type           Power      Damage    Failure   Level
b - Blink                 Tloc           58%        N/A       1%          2
m - Manifold Assault      Tloc           29%        N/A       1%          4
o - Ozocubu's Armour      Ice            15%        N/A       3%          3

Your spell library contained the following spells:

 Spells                   Type           Power      Damage    Failure   Level
 Freeze                   Ice            60%        1d7       1%          1
 Frozen Ramparts          Ice            30%        1d5       3%          3
 Volatile Blastmotes      Fire/Tloc      30%        2d12      3%          3
 Magic Dart               Conj           4%         1d3       10%         1
 Hailstorm                Conj/Ice       8%         3d4       11%         3
 Iskenderun's Mystic Bla  Conj/Tloc      15%        2d5       12%         4
 Call Imp                 Summ           2%         N/A       14%         2
 Cigotuvi's Dreadful Rot  Necr/Pois/Air  2%         N/A       14%         2
 Searing Ray              Conj           2%         2d4       14%         2
 Sublimation of Blood     Necr           1%         N/A       14%         2
 Call Canine Familiar     Summ           1%         N/A       26%         3
 Dazzling Flash           Conj/Hex       2%         N/A       26%         3
 Inner Flame              Hex/Fire       1%         N/A       26%         3
 Mephitic Cloud           Conj/Pois/Air  1%         N/A       26%         3
 Sigil of Binding         Hex            1%         N/A       26%         3
 Tukima's Dance           Hex            1%         N/A       26%         3
 Dispel Undead            Necr           1%         3d6       65%         4
 Flame Wave               Conj/Fire      1%         2d4       65%         4
 Fulminant Prism          Conj/Hex       0%         3d5       65%         4
 Leda's Liquefaction      Hex/Erth       0%         N/A       65%         4
 Petrify                  Tmut/Erth      1%         N/A       65%         4
 Sticky Flame             Conj/Fire      1%         2d3       65%         4
 Irradiate                Conj/Tmut      0%         3d11      92%         5
 Death Channel            Necr           0%         N/A       100%        6
 Starburst                Conj/Fire      0%         6d3       100%        6
 Ozocubu's Refrigeration  Ice            7%         4d9       100%        7
 Maxwell's Capacitive Co  Air            0%         ∞         100%        8
 Dimensional Bullseye     Hex/Tloc       Unusable   N/A       N/A         4

Dungeon Overview and Level Annotations

Branches:
Dungeon (13/15)            Temple (1/1) D:5            Lair (5/5) D:8
  Swamp (1/4) Lair:2        Snake (1/4) Lair:2        Slime (0/5) Lair:5
    Orc (0/2) D:10          Sewer (visited)           IceCv (visited)
 Vaults: D:13-14

Altars:
Ashenzari
Cheibriados
Dithmenos
Elyvilon
Fedhas
Gozag
Hepliaklqana
Kikubaaqudgha
Makhleb
Nemelex Xobeh
Okawaru
Qazlal
Ru
Sif Muna
Trog
Uskayaw
Vehumet
Wu Jian
Xom
Yredelemnul
Zin
The Shining One
Jiyva

Shops:
D:13 (   Lair:1 =   Lair:5 =   Snake:1 ?

Annotations:
Snake:1 Louise


Innate Abilities, Weirdness & Mutations

You have blades for front paws.
((You have sharp claws.))
You have razor-sharp teeth.
You have supernaturally acute eyesight. (SInv)
You cover ground quickly. (Speed+)
Your thick and shaggy fur keeps you warm. (AC +3, rC+)
((Your paws help you pounce on unaware monsters.))
You are incapable of wielding weapons or throwing items.
You cannot wear armour.
You gain extra lives every three experience levels.


Message History

The naga barely misses you.
You hit the naga but do no damage.
The naga is heavily wounded.
The mana viper bites you!
You feel your power leaking away. The naga completely misses you.
The naga grabs you. The naga constricts you.
The shock serpent shoots out a bolt of lightning at you!
The bolt of electricity misses you.
You slash the naga!
You kill the naga!
The mana viper completely misses you.
The shock serpent bites you but does no damage.
You slice the shock serpent!!
The shock serpent is heavily wounded.
The shock serpent's electric aura discharges, shocking you!
The mana viper bites you.
You feel your power leaking away.
The shock serpent shoots out a bolt of lightning at you!
The bolt of electricity misses you. The mana viper bites you!
You feel your power leaking away.
You miss the shock serpent. You slash the shock serpent.
You bite the shock serpent.
The shock serpent is severely wounded.
The shock serpent bites you! The shock serpent shocks you!
* * * LOW HITPOINT WARNING * * *
The mana viper completely misses you.
You hit the shock serpent. You slash the shock serpent.
The shock serpent is almost dead.
The shock serpent completely misses you.
The mana viper completely misses you.
The shock serpent completely misses you.
You barely miss the shock serpent.
The shock serpent is almost dead.
The mana viper completely misses you.
The shock serpent completely misses you.
You miss the shock serpent. You bite the shock serpent.
The shock serpent is almost dead.
The shock serpent's electric aura discharges, shocking you!
You die...
Your body crumbles into a pile of gold.

### .. ..
.### ...#
#..#
#$S######
#@S......
###........
#..........
##..#.###...
+.....# ..
+.....# .
+...∩.#
##++###


You could see a shock serpent and a mana viper.

Vanquished Creatures
  Rupert (D:13)
  A fire dragon (Lair:5)
  Josephine (D:12)
  Harold (D:9)
  Erica (D:10)
  7 hydras
  7 two-headed ogres
  2 boulder beetles
  A naga warrior (Snake:1)
  A death yak (Lair:4)
  A shock serpent (shapeshifter) (D:13)
  Nergalle (Lair:3)
  2 skysharks
  A swamp dragon (Lair:5)
  2 deep elf pyromancers
  2 oklob plants
  3 ugly things
  A cyclops (D:12)
  2 wolf spiders (Lair:5)
  A guardian serpent (Lair:5)
  13 black mambas
  4 torpor snails
  14 elephants
  16 cane toads
  A smoke demon (Abyss:2)
  9 rime drakes
  2 gargoyles
  Psyche (D:10)
  11 komodo dragons
  6 polar bears
  6 trolls
  A hellwing (Abyss:3)
  4 hornets
  5 dream sheep (Lair:4)
  2 raiju (D:8)
  25 blink frogs
  Sigmund (D:2)
  A slime creature (Abyss:2)
  A vampire (D:10)
  A spriggan (Lair:2)
  8 basilisks
  6 wraiths
  12 wyverns
  A shadow (D:13)
  38 yaks
  12 vampire mosquitoes
  3 steam dragons
  2 redbacks (Lair:5)
  Menkaure (D:7)
  3 wargs (D:10)
  2 swamp worms (D:9)
  3 acid dragons
  3 nagas
  25 water moccasins
  A sky beast (D:6)
  2 ice beasts
  4 orc warriors
  A swamp drake (Lair:5)
  A black bear (D:7)
  4 ogres (D:5)
  16 wolves
  7 centaurs
  A phantom (D:4)
  4 kobold brigands
  18 bullfrogs
  A gnoll sergeant (D:12)
  2 scorpions
  5 wights (D:9)
  A small abomination (Abyss:2)
  15 killer bees
  A killer bee (shapeshifter) (D:13)
  7 electric eels
  7 howler monkeys
  6 hounds
  7 jellies
  2 gnoll boudas
  5 orc priests
  6 iguanas
  Terence (D:3)
  2 sleepcaps
  Natasha (thrice) (D:2)
  7 orc wizards
  A hell rat (Lair:4)
  Robin (D:3)
  15 gnolls
  14 adders
  3 river rats (Sewer)
  A shadow imp (D:8)
  2 worms
  2 dart slugs
  34 orcs
  12 endoplasms
  8 giant cockroaches
  17 goblins
  11 hobgoblins
  13 jackals
  17 kobolds
  10 quokkas
  12 ball pythons
  10 bats
  10 frilled lizards
  10 rats
622 creatures vanquished.

Vanquished Creatures (collateral kills)
  An orc priest (D:4)
  2 gnolls (D:6)
  5 orcs (D:4)
  A goblin (D:3)
9 creatures vanquished.

Vanquished Creatures (others)
  A vampire mosquito (D:13)
  An iguana (Lair:5)
  An orc wizard (D:4)
  3 gnolls (D:6)
  2 goblins (D:3)
8 creatures vanquished.

Grand Total: 639 creatures vanquished

Notes
Turn   | Place    | Note
-------+----------+-------------------------------------------
     0 | D:1      | avis the Felid Artificer began the quest for the Orb.
     0 | D:1      | Reached XP level 1. HP: 9/9 MP: 2/2
   111 | D:1      | Reached skill level 1 in Unarmed Combat
   170 | D:1      | Reached XP level 2. HP: 4/13 MP: 3/3
   575 | D:1      | Reached XP level 3. HP: 14/16 MP: 4/4
  1295 | D:2      | Noticed Sigmund
  1295 | D:2      | Noticed Natasha
  1306 | D:2      | Killed Sigmund
  1307 | D:2      | Reached skill level 4 in Dodging
  1307 | D:2      | Reached XP level 4. HP: 21/21 MP: 5/5
  1307 | D:2      | Reached XP level 5. HP: 24/24 MP: 6/6
  1308 | D:2      | Killed Natasha
  1435 | D:2      | Found a shimmering blue altar of Sif Muna.
  1566 | D:2      | Noticed Natasha
  1575 | D:2      | Killed Natasha
  1576 | D:2      | Gained mutation: You are covered in thick fur. (AC +2)
                  | [Felid growth]
  1576 | D:2      | Reached XP level 6. HP: 22/28 MP: 7/7
  1826 | D:2      | Noticed Natasha
  1841 | D:2      | Killed Natasha
  2132 | D:3      | Noticed Terence
  2357 | D:3      | Killed Terence
  2358 | D:3      | Reached skill level 5 in Dodging
  3007 | D:3      | Reached skill level 6 in Dodging
  3073 | D:3      | Noticed Robin
  3097 | D:3      | Killed Robin
  3446 | D:3      | Found an iron altar of Okawaru.
  3689 | D:3      | Reached XP level 7. HP: 32/32 MP: 8/8
  3957 | D:4      | Reached skill level 5 in Fighting
  4423 | D:4      | HP: 1/33 [orc warrior/+0 glaive (1)]
  4693 | D:4      | Reached skill level 7 in Dodging
  4693 | D:4      | Reached skill level 5 in Stealth
  4973 | D:5      | Entered Level 5 of the Dungeon
  5054 | D:5      | Learned a level 2 spell: Blink
  5059 | D:5      | Learned a level 4 spell: Manifold Assault
  5116 | D:5      | Found a burning altar of Makhleb.
  5159 | D:5      | Found a glowing drain.
  5209 | Sewer    | Entered a sewer
  5454 | Sewer    | Reached skill level 8 in Dodging
  5454 | Sewer    | Reached XP level 8. HP: 37/37 MP: 9/9
  5972 | Sewer    | Reached skill level 9 in Dodging
  5972 | Sewer    | Reached skill level 1 in Translocations
  6111 | D:5      | Reached skill level 1 in Spellcasting
  6263 | D:5      | Splashed by a jelly's acid
  6309 | D:5      | Found an ornate altar of the Wu Jian Council.
  6734 | D:5      | Found a staircase to the Ecumenical Temple.
  6740 | Temple   | Entered the Ecumenical Temple
  6753 | Temple   | Became a worshipper of Gozag Ym Sagoz the Greedy
  6799 | D:5      | Reached skill level 10 in Dodging
  7161 | D:5      | Reached XP level 9. HP: 29/41 MP: 11/11
  7448 | D:6      | Found a snail-covered altar of Cheibriados.
  7462 | D:6      | Reached skill level 11 in Dodging
  7516 | D:6      | Found a white marble altar of Elyvilon.
  7871 | D:6      | Reached skill level 12 in Dodging
  8735 | D:6      | Upgraded the game from 0.31-a0-854-g362426d53f to
                  | 0.31-a0-859-g9dce7d3444
  8978 | D:7      | Noticed Menkaure
  9040 | D:7      | Killed Menkaure
  9390 | D:7      | Reached skill level 5 in Unarmed Combat
 10480 | D:8      | Reached XP level 10. HP: 40/47 MP: 14/14
 10500 | D:8      | Identified the +4 leather armour "Xoinaysitt" {Int+2}
 10630 | D:7      | Reached skill level 1 in Shapeshifting
 10865 | D:8      | Found a staircase to the Lair.
 11480 | D:8      | Reached skill level 13 in Dodging
 11572 | D:8      | Found a sacrificial altar of Ru.
 11845 | Lair:1   | Entered Level 1 of the Lair of Beasts
 11924 | Lair:1   | Reached skill level 5 in Shapeshifting
 12109 | Lair:1   | Noticed a cane toad
 12121 | Lair:1   | Killed a cane toad
 12455 | Lair:1   | Identified the +3 buckler of the Imp {Will+ Str-2 Int+3
                  | Dex+3 SInv}
 12733 | Lair:1   | Reached skill level 14 in Dodging
 12733 | Lair:1   | Reached XP level 11. HP: 22/50 MP: 15/15
 13410 | Lair:2   | Found a frozen archway.
 13551 | IceCv    | Entered an ice cave
 13709 | IceCv    | Noticed a death yak
 13842 | Lair:2   | Found a staircase to the Swamp.
 13879 | Lair:2   | Reached skill level 15 in Dodging
 14006 | Lair:2   | Reached skill level 10 in Shapeshifting
 14040 | Lair:2   | Identified the +2 whip "Ykaoput" {elec, rF- rC+ rN+ Str+3}
 14502 | Lair:2   | Found a staircase to the Snake Pit.
 15194 | Lair:1   | Gained mutation: Your thick and shaggy fur keeps you warm.
                  | (AC +3, rC+) [Felid growth]
 15194 | Lair:1   | Reached XP level 12. HP: 37/55 MP: 16/16
 15684 | Lair:3   | Noticed Nergalle
 15705 | Lair:3   | Killed Nergalle
 17706 | Lair:4   | Noticed a boulder beetle
 17721 | Lair:4   | Noticed a five-headed hydra
 17729 | Lair:4   | Killed a boulder beetle
 17996 | Lair:4   | Reached skill level 10 in Fighting
 18119 | Lair:4   | Killed a five-headed hydra
 18120 | Lair:4   | Reached XP level 13. HP: 31/61 MP: 17/17
 18494 | Lair:4   | Reached skill level 5 in Translocations
 20214 | D:8      | Reached skill level 10 in Unarmed Combat
 20387 | D:9      | Noticed Harold
 20401 | D:9      | Killed Harold
 20464 | D:9      | Found an ancient bone altar of Kikubaaqudgha.
 20535 | D:9      | Learned a level 3 spell: Ozocubu's Armour
 21214 | D:10     | Entered Level 10 of the Dungeon
 21467 | D:10     | Found a staircase to the Orcish Mines.
 21790 | D:10     | Noticed Erica
 21797 | D:10     | Killed Erica
 22517 | D:11     | Noticed Psyche
 22684 | D:10     | Reached XP level 14. HP: 66/66 MP: 18/18
 22694 | D:10     | Killed Psyche
 23056 | D:11     | Identified the +2 whip of Anedi {protect, Str+3 Dex+4}
 23671 | D:12     | Noticed Josephine
 23676 | D:12     | Reached skill level 10 in Translocations
 23681 | D:12     | Killed Josephine
 24108 | D:12     | Reached skill level 1 in Ice Magic
 24737 | D:13     | Found Luilueph's Antique Weapon Emporium.
 25314 | D:13     | Noticed Rupert
 25340 | D:13     | Killed Rupert
 25955 | Lair:1   | Bought the amulet of Heg Woidgh {rF+ Regen+} for 660 gold
                  | pieces
 26022 | Lair:5   | Entered Level 5 of the Lair of Beasts
 26228 | Lair:5   | Reached skill level 5 in Ice Magic
 26860 | Lair:5   | Reached skill level 16 in Dodging
 27045 | Lair:5   | Found a staircase to the Slime Pits.
 27747 | Lair:5   | Reached skill level 17 in Dodging
 27891 | Lair:5   | Reached XP level 15. HP: 58/69 MP: 19/19
 27983 | Lair:5   | Found a viscous altar of Jiyva.
 28300 | Snake:1  | Entered Level 1 of the Snake Pit
 28451 | Swamp:1  | Entered Level 1 of the Swamp
 28530 | Lair:5   | Bought the ring "Osmaf" {Wiz rPois rC+ rN+ Str-2} for 915
                  | gold pieces
 28610 | Snake:1  | Noticed Louise
 28617 | Abyss:2  | Found a corrupted altar of Lugonu.
 28617 | Abyss:2  | Cast into level 2 of the Abyss (Louise)
 28698 | Abyss:2  | Found a stormy altar of Qazlal.
 28698 | Abyss:2  | Found a stormy altar of Qazlal.
 28700 | Abyss:2  | Found a stormy altar of Qazlal.
 28703 | Abyss:2  | Found a stormy altar of Qazlal.
 28708 | Abyss:2  | Noticed a revenant
 28727 | Abyss:2  | Slain by a spectral juggernaut
 28731 | Abyss:3  | Found a corrupted altar of Lugonu.
 28737 | Abyss:3  | Noticed a shadow dragon
 28739 | Abyss:3  | Noticed a tentacled starspawn
 28753 | Snake:1  | Escaped the Abyss
 28754 | Snake:1  | HP: 2/67 [Louise/+1 demon trident of draining (16)]
 28754 | Snake:1  | Slain by Louise
 28755 | Snake:1  | Found Zoox Sarph's Magic Scroll Shoppe.
 28759 | Snake:1  | Bought a scroll of fear for 60 gold pieces
 28759 | Snake:1  | Bought a scroll of teleportation for 45 gold pieces
 28759 | Snake:1  | Bought a scroll of blinking for 112 gold pieces
 28774 | Snake:1  | Killed from afar by a shock serpent

Illustrated notes

Levels and vault maps discovered:
D:1:      amcnicky_arrival_flooded_fountain, layout_loops_ring
D:2:      kennysheep_the_goblin_king, layout_basic, basic_altar, minmay_between,
          uniq_natasha, uniq_sigmund
D:3:      minmay_diamond_boxcup, layout_basic, mainiacjoe_overflow_alcove_1,
          st_stairs_1, uniq_robin, uniq_terence
D:4:      layout_gridville, nicolae_nh_ransacked_shop
D:5:      layout_loops_ring, nzn_wu_jian_contemplation,
          overflow_temple_1_default, minmay_temple_entry_gardened_gates,
          gup_sewer_entry_pipe
D:6:      layout_gridville, elyvilon_altar_3, cheibriados_altar_1,
          corexii_item_surrounded_by_moat, roderic_serpentine_path
D:7:      layout_basic, uniq_menkaure
D:8:      layout_loops_corners, mainiacjoe_overflow_brackets,
          grunt_lair_entry_orc_guard_hut, nicolae_have_a_lightning_rod
D:9:      layout_roguey, mainiacjoe_overflow_alcove_2, worms_lemuel, uniq_harold
D:10:     layout_roguey, minmay_orc_entry_guard_dogs, uniq_erica
D:11:     layout_cave_pools, grunt_decor_clamped, nrook_mini_vaults, uniq_psyche
D:12:     layout_basic, uniq_josephine
D:13:     layout_basic, serial_shops, nicolae_shop_peninsula, uniq_rupert
Temple:   regret_index_temple_waves
Lair:1:   layout_long_grid, grunt_forest_small_clearings
Lair:2:   layout_chaotic_city, minmay_swamp_entry_swarm,
          guppyfry_snake_entry_garden, portal_ice_cave_entry_pillars_1,
          pdpol_lair_neglected_garden, st_stairs_9, serial_bayou_pond_a,
          chequers_serial_rivers_room_b, small_statue_intersection
Lair:3:   layout_regular_city, serial_bayou_ford_a, lemuel_fruit_fields,
          lemuel_fruit_fields, lemuel_fruit_tree, grunt_megastairs_4,
          uniq_nergalle
Lair:4:   nzn_winding_woodlands_stair_cross
          [nzn_winding_woodlands_5x15_split_checker,
          nzn_winding_woodlands_center_pierced_h,
          nzn_winding_woodlands_5x15_river_crossing,
          nzn_winding_woodlands_5x5_open_star, nzn_winding_woodlands_hourglass,
          nzn_winding_woodlands_5x15_garden,
          nzn_winding_woodlands_center_diamonds,
          nzn_winding_woodlands_5x15_parted], layout_regular_city, pond,
          infiniplex_staircase_pool
Lair:5:   guppyfry_lair_end_dragon, layout_gridlike,
          hangedman_lair_tendril_chambers, minmay_slime_entry_oklob_open,
          infiniplex_staircase_pool_2
Swamp:1:  layout_basic_swamp, serial_swamp_ruin, evilmike_swamp_ruin_house_5,
          evilmike_swamp_ruin_house_2, evilmike_swamp_ruin_house_1, swamp_pool2
Snake:1:  layout_gridlike, serial_shops, nicolae_shop_tiny_real_fake_doors,
          nicolae_shop_pleasant_corner_grove, shop, uniq_aizul, uniq_louise

Skill      XL: |  1  2  3  4  5  6  7  8  9 10 11 12 13 14 |
---------------+-------------------------------------------+-----
Unarmed Combat | 1 2 3 6 11 12 | 12.1
Fighting       | 2 3 4 5 6 7 10 | 10.0
Stealth        | 3 4 5 6 |  6.0
Dodging        | 4 6 8 10 12 14 15 17 | 17.4
Evocations     | 4 |  4.0
Translocations | 2 4 9 10 | 10.0
Spellcasting   | 1 2 |  2.0
Shapeshifting  | 7 11 14 | 14.8
Ice Magic      | 5 |  5.0

Action                     |  1- 3 |  4- 6 |  7- 9 | 10-12 | 13-15 || total
---------------------------+-------+-------+-------+-------+-------++-------
  Melee: Unarmed           |   167 |   212 |   662 |   823 |   893 ||  2757
         Bite              |    12 |    23 |    95 |   123 |   121 ||   374
         Punch             |     1 |     5 |    21 |    38 |    67 ||   132
   Cast: Blink             |       |       |     1 |       |     1 ||     2
         Manifold Assault  |       |       |       |     8 |    41 ||    49
         Ozocubu's Armour  |       |       |       |       |     1 ||     1
 Invoke: Potion Petition   |       |       |     1 |       |     4 ||     5
         Call Merchant     |       |       |       |       |     2 ||     2
  Evoke: Wand              |     3 |     4 |    22 |    17 |     9 ||    55
         Lightning rod     |       |       |       |     2 |     4 ||     6
    Use: Scroll            |       |       |     5 |     3 |    10 ||    18
         Potion            |       |       |     6 |     1 |     4 ||    11
   Stab: Sleeping          |     5 |     6 |    16 |     8 |    18 ||    53
         Distracted        |       |     1 |     1 |     9 |    12 ||    23
         Invisible         |       |       |       |       |     9 ||     9
 Armour: Skin              |    32 |    62 |   148 |   206 |   227 ||   675
  Dodge: Dodged            |   111 |   157 |   637 |  1143 |   977 ||  3025
   Form: Blade             |       |       |       |     1 |       ||     1

Table legend: (Time is in decaauts)
 A = Elapsed time spent in this place.
 B = Non-inter-level travel time spent in this place.
 C = Inter-level travel time spent in this place.
 D = Time resting spent in this place.
 E = Time spent auto-exploring this place.
 F = Levels seen in this place.
 G = Mean time per level.
                   A        B        C        D        E       F      G
               +--------+--------+--------+--------+--------+-----+--------+
         Total |  25484 |  23036 |   2448 |   6997 |   6741 |  25 | 1019.4 |
       Dungeon |  14998 |  13200 |   1798 |   3637 |   4348 |  13 | 1153.7 |
        Temple |     33 |     21 |     12 |      0 |      0 |   1 |   33.0 |
          Lair |   9216 |   8578 |    638 |   3118 |   2141 |   5 | 1843.2 |
         Swamp |      4 |      4 |      0 |      0 |      0 |   1 |    4.0 |
     Snake Pit |     74 |     74 |      0 |      0 |      0 |   1 |   74.0 |
         Abyss |    109 |    109 |      0 |      0 |      0 |   2 |   54.5 |
         Sewer |    881 |    881 |      0 |    143 |    251 |   1 |  881.0 |
      Ice Cave |    166 |    166 |      0 |     98 |      0 |   1 |  166.0 |
               +--------+--------+--------+--------+--------+-----+--------+

Top non-repeatable levels by time:
  Lair:2: 2488 daAuts
  Lair:4: 2343 daAuts
  Lair:5: 1649 daAuts
     D:8: 1644 daAuts
  Lair:1: 1542 daAuts
     D:3: 1470 daAuts
     D:6: 1367 daAuts
     D:7: 1320 daAuts
     D:5: 1254 daAuts
     D:2: 1206 daAuts
  Lair:3: 1193 daAuts
     D:4: 1148 daAuts
    D:13: 1084 daAuts
     D:9: 1083 daAuts
    D:12: 954 daAuts
